 Dungeon Sprint DCSS version 0.31-a0-1206-g41278d8d1d (webtiles) character file.

Game seed: 8345438256300387203

64577 fozzywoppz the Slayer (level 14, -18/157 HPs)
             Began as a Minotaur Fighter on Dec 12, 2023.
             Was a High Priest of the Shining One.
             Killed from afar by Nikola (79 damage)
             ... with an arc of chain lightning
             ... in the Dungeon (Sprint IX: "|||||||||||||||||||||||||||||") on Dec 14, 2023.
             The game lasted 00:18:55 (4994 turns).

fozzywoppz the Slayer (Minotaur Fighter)            Turns: 4994, Time: 00:18:56

Health: -18/157    AC: 35    Str: 22    XL:     14   Next: 72%
Magic:  23/23      EV: 13    Int:  5    God:    the Shining One [*****.]
Gold:   764        SH: 14    Dex: 17    Spells: 13/13 levels left

rFire   . . .        L - +2 eveningstar (freeze)
rCold   . . .        I - +0 kite shield {AC+3}
rNeg    + + .        a - +0 crystal plate armour
rPois   +            (helmet restricted)
rElec   .            p - +0 cloak
rCorr   .            w - +0 pair of gloves
SInv    .            y - +2 pair of boots {rampage}
Will    +....        v - amulet of regeneration Stlth
                     B - ring of poison resistance
HPRegen 1.26/turn    o - +3 ring of dexterity
MPRegen 0.18/turn

%: no teleportation, rampage
@: glowing
A: horns 2, retaliatory headbutt
a: Renounce Religion, Divine Shield, Cleansing Flame, Summon Divine Warrior


You were in the Dungeon.
You worshipped the Shining One.
The Shining One was extremely pleased with you.
You visited 1 branch You collected 1936 gold pieces.
You spent 1172 gold pieces at shops.

Inventory:

Hand Weapons
 L - a +2 eveningstar of freezing (weapon)
 N - a +1 demon whip of electrocution
Missiles
 c - 3 curare-tipped darts
 s - 4 boomerangs
 x - 4 silver javelins (quivered)
Armour
 a - a +0 crystal plate armour (worn)
 p - a +0 cloak (worn)
 w - a +0 pair of gloves (worn)
 y - a +2 pair of boots of rampaging (worn)
 H - a +3 chain mail
 I - a +0 kite shield of protection (worn)
 M - the +7 plate armour of Agnosticism {rElec rPois Str-2 Int+4}
   (Okawaru gifted it to you in the Dungeon)

   Str-2:     It affects your strength (-2).
   Int+4:     It affects your intelligence (+4).
   rElec:     It insulates you from electricity.
   rPois:     It protects you from poison
Jewellery
 n - a +2 ring of evasion
 o - a +3 ring of dexterity (right hand)
 v - an amulet of regeneration (around neck)
 z - a ring of protection from cold
 A - a ring of protection from cold
 B - a ring of poison resistance (left hand)
 C - a ring of see invisible
Wands
 m - a wand of roots (10)
 t - a wand of flame (26)
Scrolls
 i - 2 scrolls of fear
 j - 5 scrolls of blinking
 l - 2 scrolls of amnesia
 u - 3 scrolls of enchant weapon
 F - 2 scrolls of enchant armour
 G - 2 scrolls of identify
Potions
 b - 2 potions of resistance
 d - a potion of brilliance
 e - 7 potions of curing
 f - 3 potions of heal wounds
 g - 3 potions of haste
 h - 4 potions of magic
 k - a potion of invisibility
 D - 2 potions of might
 E - 2 potions of mutation
 J - a potion of cancellation
 K - a potion of ambrosia


   Skills:
 + Level 23.4 Fighting
 - Level 18.0 Maces & Flails
 + Level 17.0 Throwing
 + Level 17.7 Armour
 + Level 21.6 Dodging
 - Level 15.0 Shields
 - Level 14.0 Invocations
 - Level 5.0 Evocations


You had 13 spell levels left.
You didn't know any spells.
Your spell library was empty.

Dungeon Overview and Level Annotations

Branches:
Dungeon (1/1)

Altars:
Cheibriados
Dithmenos
Elyvilon
Fedhas
Gozag
Hepliaklqana
Kikubaaqudgha
Makhleb
Nemelex Xobeh
Okawaru
Qazlal
Ru
Sif Muna
Trog
Uskayaw
Vehumet
Wu Jian
Xom
Yredelemnul
Zin
The Shining One
Jiyva
Lugonu

Shops:
D [!:!

Annotations:
D Nikola


Innate Abilities, Weirdness & Mutations

You have a pair of horns on your head.
You reflexively headbutt those who attack you in melee.


Message History

You start resting.
HP restored.
You open the door.
There is an open door here.
Nikola the Mad Inventor comes into view.
He is wielding a +3 rapier of electrocution.
You rampage towards Nikola!
Nikola yells, "Danger!
Danger!
High voltage!"
Nikola gestures at you while chanting. The bolt of lightning misses you.
You rampage towards Nikola!
Nikola casts a spell.
Nikola blinks!
You rampage towards Nikola!
You rampage towards Nikola!
Nikola barely misses you.
You impale Nikola!! You freeze Nikola!
Nikola is lightly wounded.
Nikola hits you with a +3 rapier of electrocution!
You bludgeon Nikola!! You freeze Nikola!
Nikola is moderately wounded.
Nikola hits you but does no damage.
You are electrocuted!
You sock Nikola! You freeze Nikola.
Nikola is heavily wounded.
Nikola gestures wildly while chanting.
Lightning arcs from Nikola's hands!
The bolt of lightning hits you!!!!
Ouch! That really hurt!
* * * LOW HITPOINT WARNING * * *
A bolt of lightning appears from out of thin air!
The bolt of lightning hits Nikola!
You feel much better. Nikola barely misses you.
You bludgeon Nikola!! You freeze Nikola.
Nikola is severely wounded.
You bludgeon Nikola!! You freeze Nikola.
Nikola is severely wounded.
Nikola hits you but does no damage.
You puncture Nikola! You freeze Nikola! You headbutt Nikola.
Nikola is almost dead.
Nikola gestures wildly while chanting.
Lightning arcs from Nikola's hands!
The bolt of lightning hits you!!!!
Ouch! That really hurt!
You die...

▓▓▓▓▓▓▓▓▓▓▓▓▓▓▓▓▓▓▓▓▓▓▓▓
......@@................
▓▓▓▓▓▓▓▓▓▓▓▓▓▓▓▓▓▓▓▓▓▓▓▓▓▓▓▓▓▓▓▓
▓.................)([).[[)[.))))
▓.▓▓▓▓▓▓▓▓▓▓▓▓▓▓▓▓▓▓▓▓▓▓▓▓▓▓▓▓▓▓
▓..................[........)...
▓▓▓▓▓▓▓▓▓▓▓▓▓▓▓▓♣♣♣♣♣♣♣♣♣♣▓▓▓▓▓▓
▓...........[.).'.).).....')()).
▓.▓▓▓▓▓▓▓▓▓▓▓▓▓▓♣♣♣♣♣♣♣♣♣♣▓▓▓▓▓▓
▓...............................


You could see Nikola.

Vanquished Creatures
  An ancient lich (D)
  A sphinx (D)
  A tengu reaver (D)
  Donald (D)
  A nagaraja (D)
  A fire giant (D)
  An emperor scorpion (D)
  2 vault wardens (D)
  A frost giant (D)
  2 very ugly things (D)
  A stone giant (D)
  2 orc warlords (D)
  2 ironbound preservers (D)
  Nessos (D)
  A vampire knight (D)
  Azrael (D)
  A green draconian (D)
  A dire elephant (D)
  2 bunyips (D)
  3 ettins (D)
  A merfolk javelineer (D)
  A yaktaur captain (D)
  A great orb of eyes (D)
  An ice dragon (D)
  2 fire dragons (D)
  A radroach (D)
  An alligator (D)
  A catoblepas (D)
  A spriggan air mage (D)
  An ironbound frostheart (D)
  A hydra (D)
  A ghost crab (D)
  2 two-headed ogres (D)
  A deep troll shaman (D)
  2 tengu warriors (D)
  A shock serpent (D)
  2 deep troll earth magi (D)
  A naga sharpshooter (D)
  A vampire mage (D)
  2 spriggan berserkers (D)
  Sonja (D)
  A pharaoh ant (D)
  2 swamp dragons (D)
  An orb spider (D)
  An arcanist (D)
  4 ironbound convokers (D)
  A mana viper (D)
  4 orc knights (D)
  4 orc sorcerers (D)
  2 deep elf pyromancers (D)
  3 necromancers (D)
  3 ugly things (D)
  3 manticores (D)
  Maurice (D)
  A salamander (D)
  3 moths of wrath (D)
  2 cyclopes (D)
  A merfolk siren (D)
  A guardian serpent (D)
  An elephant (D)
  A naga mage (D)
  3 vault sentinels (D)
  2 black mambas (D)
  3 cane toads (D)
  3 water nymphs (D)
  2 rime drakes (D)
  5 komodo dragons (D)
  A yaktaur (D)
  A freezing wraith (D)
  3 trolls (D)
  A meliai (D)
  A polar bear (D)
  A snapping turtle (D)
  A blink frog (D)
  A glass eye (D)
  A slime creature (D)
  A jumping spider (D)
  3 fire elementals (D)
  4 redbacks (D)
  3 water moccasins (D)
  6 hell hounds (D)
  9 orc warriors (D)
  4 wolves (D)
  A centaur (D)
  A bullfrog (D)
  A howler monkey (D)
  3 orc priests (D)
  A jelly (D)
  A hound (D)
  14 orc wizards (D)
  An adder (D)
  A dart slug (D)
  10 orcs (D)
  A goblin (D)
  3 rats (D)
190 creatures vanquished.

Vanquished Creatures (others)
  A goliath frog (D)
  3 spriggan druids (D)
4 creatures vanquished.

Grand Total: 194 creatures vanquished

Notes
Turn   | Place    | Note
-------+----------+-------------------------------------------
     0 | D        | fozzywoppz the Minotaur Fighter began the quest for the
                  | Orb.
     0 | D        | Reached XP level 1. HP: 19/19 MP: 0/0
    13 | D        | Reached skill level 4 in Fighting
    29 | D        | Noticed a hound
    29 | D        | Noticed a jelly
    35 | D        | Reached XP level 2. HP: 28/28 MP: 1/1
    39 | D        | Reached skill level 5 in Fighting
    39 | D        | Reached skill level 5 in Armour
    39 | D        | Reached skill level 5 in Shields
    39 | D        | Reached XP level 3. HP: 34/36 MP: 2/2
    44 | D        | Reached skill level 6 in Fighting
    44 | D        | Reached skill level 5 in Maces & Flails
    47 | D        | Reached XP level 4. HP: 21/45 MP: 3/3
    50 | D        | Reached skill level 7 in Fighting
    60 | D        | Found a snail-covered altar of Cheibriados.
    60 | D        | Found a shadowy altar of Dithmenos.
    60 | D        | Found a white marble altar of Elyvilon.
    60 | D        | Found a blossoming altar of Fedhas.
    60 | D        | Found an opulent altar of Gozag.
    61 | D        | Found a hazy altar of Hepliaklqana.
    62 | D        | Found a viscous altar of Jiyva.
    63 | D        | Found an ancient bone altar of Kikubaaqudgha.
    64 | D        | Found a corrupted altar of Lugonu.
    65 | D        | Found a burning altar of Makhleb.
    66 | D        | Found a sparkling altar of Nemelex Xobeh.
    67 | D        | Found an iron altar of Okawaru.
    68 | D        | Found a stormy altar of Qazlal.
    69 | D        | Found a sacrificial altar of Ru.
    70 | D        | Found a shimmering blue altar of Sif Muna.
    71 | D        | Found a bloodstained altar of Trog.
    72 | D        | Found a hide-covered altar of Uskayaw.
    73 | D        | Found a radiant altar of Vehumet.
    74 | D        | Found an ornate altar of the Wu Jian Council.
    75 | D        | Became a worshipper of Warmaster Okawaru
    76 | D        | Found a shimmering altar of Xom.
    77 | D        | Found a basalt altar of Yredelemnul.
    78 | D        | Found a glowing silver altar of Zin.
    79 | D        | Found a glowing golden altar of the Shining One.
   140 | D        | Noticed a troll
   140 | D        | Noticed an orc warrior
   140 | D        | Noticed a two-headed ogre
   140 | D        | Noticed a centaur
   147 | D        | Killed a troll
   147 | D        | Reached * piety under Okawaru
   148 | D        | Reached skill level 9 in Fighting
   148 | D        | Reached skill level 5 in Invocations
   148 | D        | Reached XP level 5. HP: 31/58 MP: 3/8
   148 | D        | Reached XP level 6. HP: 35/66 MP: 3/9
   152 | D        | Killed a two-headed ogre
   152 | D        | Reached ** piety under Okawaru
   152 | D        | Reached *** piety under Okawaru
   153 | D        | Reached skill level 10 in Fighting
   153 | D        | Reached skill level 10 in Invocations
   153 | D        | Reached XP level 7. HP: 15/72 MP: 3/13
   167 | D        | Reached XP level 8. HP: 26/79 MP: 4/14
   347 | D        | Noticed a troll
   347 | D        | Noticed a cyclops
   347 | D        | Noticed a two-headed ogre
   347 | D        | Noticed a troll
   347 | D        | Noticed a red ugly thing
   347 | D        | Noticed a tengu warrior
   356 | D        | Killed a troll
   366 | D        | Killed a red ugly thing
   366 | D        | Reached **** piety under Okawaru
   367 | D        | Killed a cyclops
   368 | D        | Reached XP level 9. HP: 40/86 MP: 15/18
   372 | D        | Killed a two-headed ogre
   373 | D        | Reached skill level 12 in Fighting
   376 | D        | Killed a tengu warrior
   376 | D        | Reached ***** piety under Okawaru
   377 | D        | Reached skill level 13 in Fighting
   380 | D        | Killed a troll
   550 | D        | Noticed a cane toad
   550 | D        | Noticed a komodo dragon
   550 | D        | Noticed a komodo dragon
   550 | D        | Noticed an elephant
   553 | D        | Noticed a polar bear
   562 | D        | Killed a cane toad
   573 | D        | Killed a komodo dragon
   574 | D        | Reached skill level 14 in Fighting
   574 | D        | Reached XP level 10. HP: 48/103 MP: 12/19
   578 | D        | Noticed a cane toad
   584 | D        | Reached skill level 15 in Fighting
   584 | D        | Reached skill level 10 in Dodging
   596 | D        | Received a gift from Okawaru
   600 | D        | Killed an elephant
   601 | D        | Reached skill level 16 in Fighting
   614 | D        | Killed a cane toad
   617 | D        | Reached skill level 17 in Fighting
   815 | D        | Noticed a five-headed hydra
   825 | D        | Noticed a cane toad
   832 | D        | Killed a five-headed hydra
   833 | D        | Reached skill level 18 in Fighting
   837 | D        | Reached skill level 19 in Fighting
   855 | D        | Killed a cane toad
   855 | D        | Received a gift from Okawaru
   864 | D        | Reached skill level 20 in Fighting
   871 | D        | Reached XP level 11. HP: 12/126 MP: 16/20
   871 | D        | Upgraded the game from 0.31-a0-1204-ge2c1a860ed to
                  | 0.31-a0-1206-g41278d8d1d
  1196 | D        | Reached skill level 21 in Fighting
  1405 | D        | Reached skill level 1 in Throwing
  1413 | D        | Reached skill level 1 in Evocations
  1464 | D        | Noticed an orc knight
  1469 | D        | Noticed an orc knight
  1480 | D        | Killed an orc knight
  1495 | D        | Killed an orc knight
  1509 | D        | Noticed an orc knight
  1532 | D        | Killed an orc knight
  1589 | D        | Found Duggier's Armour Emporium.
  1589 | D        | Noticed an orc sorcerer
  1589 | D        | Noticed an orc sorcerer
  1589 | D        | Noticed an orc sorcerer
  1597 | D        | Killed an orc sorcerer
  1600 | D        | Killed an orc sorcerer
  1605 | D        | Killed an orc sorcerer
  1606 | D        | Reached skill level 5 in Throwing
  1606 | D        | Found Kemuw's Distillery.
  1611 | D        | Found Oxetsoh's Book Emporium.
  1619 | D        | Found Askerr's Distillery.
  1623 | D        | Noticed an orc sorcerer
  1623 | D        | Paralysed by an orc sorcerer for 3 turns
  1630 | D        | Killed an orc sorcerer
  1631 | D        | Reached skill level 5 in Evocations
  1725 | D        | Noticed Maurice
  1734 | D        | Killed Maurice
  1997 | D        | Bought a potion of curing for 36 gold pieces
  1997 | D        | Bought a potion of heal wounds for 60 gold pieces
  1997 | D        | Bought a potion of curing for 36 gold pieces
  1997 | D        | Bought a potion of resistance for 120 gold pieces
  1997 | D        | Bought a potion of might for 48 gold pieces
  1997 | D        | Bought a potion of curing for 36 gold pieces
  2003 | D        | Bought a +2 pair of boots of rampaging for 258 gold pieces
  2003 | D        | Bought a +0 kite shield of protection for 138 gold pieces
  2005 | D        | Bought a potion of mutation for 88 gold pieces
  2005 | D        | Bought 2 potions of curing for 66 gold pieces
  2005 | D        | Bought a potion of haste for 110 gold pieces
  2005 | D        | Bought a potion of cancellation for 88 gold pieces
  2005 | D        | Bought a potion of ambrosia for 88 gold pieces
  2154 | D        | Noticed a tengu warrior
  2154 | D        | Noticed a catoblepas
  2154 | D        | Noticed a deep elf pyromancer
  2162 | D        | Noticed an orc knight
  2164 | D        | Noticed a deep elf pyromancer
  2170 | D        | Killed a catoblepas
  2171 | D        | Noticed a spriggan berserker
  2176 | D        | Noticed a death yak
  2180 | D        | Noticed a necromancer
  2186 | D        | Killed a tengu warrior
  2189 | D        | Noticed a purple very ugly thing
  2196 | D        | Killed a deep elf pyromancer
  2197 | D        | Reached XP level 12. HP: 128/137 MP: 16/21
  2215 | D        | Noticed an ettin
  2227 | D        | Killed a purple very ugly thing
  2228 | D        | Noticed an ice dragon
  2240 | D        | Reached skill level 10 in Armour
  2264 | D        | Killed an ettin
  2264 | D        | Received a gift from Okawaru
  2291 | D        | Killed an ice dragon
  2425 | D        | Noticed Sonja
  2430 | D        | Killed Sonja
  2431 | D        | Reached skill level 10 in Shields
  2484 | D        | Noticed a bunyip
  2484 | D        | Noticed a ghost crab
  2500 | D        | Killed a bunyip
  2501 | D        | Noticed a bunyip
  2515 | D        | Killed a ghost crab
  2516 | D        | Reached skill level 10 in Throwing
  2516 | D        | Noticed an alligator
  2516 | D        | Killed a bunyip
  2524 | D        | Killed an alligator
  2590 | D        | Noticed a nagaraja
  2613 | D        | Reached skill level 15 in Dodging
  2616 | D        | Killed a nagaraja
  2623 | D        | Received a gift from Okawaru
  2688 | D        | Noticed a dire elephant
  2709 | D        | Killed a dire elephant
  2710 | D        | Reached XP level 13. HP: 102/145 MP: 22/22
  2780 | D        | Noticed a merfolk javelineer
  2821 | D        | Killed a merfolk javelineer
  2821 | D        | Received a gift from Okawaru
  2973 | D        | Reached skill level 15 in Armour
  3007 | D        | Noticed Azrael
  3008 | D        | Noticed Donald
  3029 | D        | Killed Azrael
  3043 | D        | Killed Donald
  3043 | D        | Received a gift from Okawaru
  3079 | D        | Noticed Nessos
  3082 | D        | Noticed an emperor scorpion
  3086 | D        | Killed Nessos
  3087 | D        | Reached skill level 15 in Shields
  3097 | D        | Killed an emperor scorpion
  3245 | D        | Noticed a stone giant
  3245 | D        | Noticed an ettin
  3245 | D        | Noticed a brown very ugly thing
  3245 | D        | Noticed a sphinx
  3245 | D        | Noticed a fire dragon
  3254 | D        | Killed a stone giant
  3255 | D        | Noticed a frost giant
  3257 | D        | Killed a brown very ugly thing
  3258 | D        | Reached skill level 15 in Maces & Flails
  3268 | D        | Killed an ettin
  3275 | D        | Killed a sphinx
  3276 | D        | Noticed a tengu reaver
  3277 | D        | Killed a fire dragon
  3278 | D        | Noticed a vampire knight
  3281 | D        | Noticed a fire giant
  3285 | D        | Killed a frost giant
  3286 | D        | Reached skill level 15 in Throwing
  3289 | D        | Noticed a fire dragon
  3299 | D        | Killed a tengu reaver
  3300 | D        | Reached XP level 14. HP: 110/152 MP: 18/23
  3303 | D        | Reached ****** piety under Okawaru
  3303 | D        | Received a gift from Okawaru
  3310 | D        | Killed a fire giant
  3316 | D        | Killed a vampire knight
  3352 | D        | Acquired the +7 plate armour of Agnosticism {rElec rPois
                  | Str-2 Int+4}
  3352 | D        | Received a gift from Okawaru
  3358 | D        | Acquired a +1 demon whip of electrocution
  3358 | D        | Received a gift from Okawaru
  4098 | D        | Fell from the grace of Okawaru
  4098 | D        | Became a worshipper of the Shining One
  4766 | D        | Noticed an orc warlord
  4766 | D        | Noticed an orc warlord
  4766 | D        | Reached * piety under the Shining One
  4766 | D        | Noticed a vault warden
  4778 | D        | Killed an orc warlord
  4779 | D        | Reached skill level 22 in Fighting
  4782 | D        | Killed an orc warlord
  4783 | D        | Reached ** piety under the Shining One
  4787 | D        | Killed a vault warden
  4796 | D        | Noticed a vault warden
  4802 | D        | Noticed an ironbound preserver
  4807 | D        | Reached *** piety under the Shining One
  4814 | D        | Killed a vault warden
  4820 | D        | Noticed an ancient lich
  4820 | D        | Reached **** piety under the Shining One
  4821 | D        | Killed an ironbound preserver
  4829 | D        | Killed an ancient lich
  4830 | D        | Reached skill level 23 in Fighting
  4831 | D        | Reached ***** piety under the Shining One
  4838 | D        | Noticed an ironbound preserver
  4864 | D        | Killed an ironbound preserver
  4982 | D        | Noticed Nikola
  4994 | D        | Killed from afar by Nikola

Illustrated notes

Levels and vault maps discovered:
D:        linesprint [early_d, line_temple, items_1, d_10, items_2, lair_1,
          lair_end, items_3, orc_1, orc_end, items_4, d_15, swamp_1, shoals_1,
          snake_1, spider_1, d_20, vaults_1, items_5, swamp_end, shoals_end,
          snake_end, spider_end, vaults_end, d_27, items_6, zot_1, zot_end,
          crypt_end, forest_end, elf_end, slime_end, tomb_end, abyss_end,
          pan_hell_end]

Skill      XL: |  1  2  3  4  5  6  7  8  9 10 11 12 13 14 |
---------------+-------------------------------------------+-----
Fighting       | 4 5 6 9 10 14 20 21 23 | 23.4
Maces & Flails | 3 4 6 9 12 13 14 16 18 | 18.0
Armour         | 4 5 9 13 15 17 | 17.7
Shields        | 4 5 7 12 15 | 15.0
Invocations    | 5 10 14 | 14.0
Dodging        | 2 9 10 12 15 19 21 | 21.6
Throwing       | 7 11 15 17 | 17.0
Evocations     | 5 |  5.0

Action                     |  1- 3 |  4- 6 |  7- 9 | 10-12 | 13-15 || total
---------------------------+-------+-------+-------+-------+-------++-------
  Melee: Flail             |    29 |    14 |    64 |   509 |   167 ||   783
         Headbutt          |     2 |     3 |    14 |   136 |   121 ||   276
         Eveningstar       |       |       |       |       |   225 ||   225
  Throw: Javelin           |       |       |       |     1 |       ||     1
         Boomerang         |       |       |       |       |     1 ||     1
 Invoke: Heroism           |       |       |     2 |     6 |     3 ||    11
         Finesse           |       |       |     1 |     8 |     4 ||    13
         Divine Shield     |       |       |       |       |     1 ||     1
         Receive Weapon    |       |       |       |       |     1 ||     1
         Receive Armour    |       |       |       |       |     1 ||     1
  Evoke: Wand              |       |       |       |     1 |       ||     1
    Use: Potion            |       |     1 |     3 |     5 |     3 ||    12
 Armour: Scale mail        |    17 |       |       |       |       ||    17
         Ring mail         |       |    10 |    25 |    32 |       ||    67
         Chain mail        |       |       |       |    89 |    34 ||   123
         Plate armour      |       |       |       |    21 |       ||    21
         Crystal plate arm |       |       |       |       |    70 ||    70
  Dodge: Dodged            |    12 |     6 |    29 |   136 |    70 ||   253
  Block: Buckler           |     3 |     3 |    12 |    41 |       ||    59
         Kite shield       |       |       |       |    61 |   117 ||   178

Table legend: (Time is in decaauts)
 A = Elapsed time spent in this place.
 B = Non-inter-level travel time spent in this place.
 C = Inter-level travel time spent in this place.
 D = Time resting spent in this place.
 E = Time spent auto-exploring this place.
 F = Levels seen in this place.
 G = Mean time per level.
                   A        B        C        D        E       F      G
               +--------+--------+--------+--------+--------+-----+--------+
         Total |   4509 |   3184 |   1325 |   1061 |      0 |   1 | 4509.0 |
       Dungeon |   4509 |   3184 |   1325 |   1061 |      0 |   1 | 4509.0 |
               +--------+--------+--------+--------+--------+-----+--------+

Top non-repeatable levels by time:
       D: 4509 daAuts
